 Dungeon Crawl Stone Soup version 0.24.0-123-gd5b16e6ec5 (webtiles) character file.

Game seed: 12949848409426767685, levelgen mode: deterministic

104 Martska the Charmwright (level 5, -12/40 HPs)
             Began as a Human Skald on Feb 10, 2020.
             Mangled by a wight
             ... wielding a +4 flail
              (13 damage)
             ... on level 2 of the Dungeon.
             The game lasted 00:07:52 (4323 turns).

Martska the Charmwright (Human Skald)               Turns: 4323, Time: 00:07:52

Health: -12/40     AC:  3    Str: 16    XL:     5   Next: 7%
Magic:  2/8        EV: 11    Int: 13    God:
Gold:   146        SH:  0    Dex: 12    Spells: 2/8 levels left

rFire    . . .     SeeInvis .   a - +0 falchion
rCold    . . .     Gourm    .   (no shield)
rNeg     . . .     Faith    .   b - +0 leather armour
rPois    .         Spirit   .   (no helmet)
rElec    .         Reflect  .   (no cloak)
rCorr    .         Harm     .   (no gloves)
MR       .....                  (no boots)
Stlth    +.........             (no amulet)
HPRegen  0.13/turn              l - +3 ring of strength
MPRegen  0.11/turn              (no ring)

@: very slightly contaminated, glowing, drained
A: no striking features
a: no special abilities


You were on level 2 of the Dungeon.
You were hungry.

You visited 1 branch of the dungeon, and saw 4 of its levels.

You collected 146 gold pieces.

Inventory:

Hand Weapons
 a - a +0 falchion (weapon)
Armour
 b - a +0 leather armour (worn)
Jewellery
 l - a +3 ring of strength (left hand)
Scrolls
 c - 2 scrolls of magic mapping
 f - a scroll of identify
 m - a scroll of remove curse {unknown}
 p - a scroll of fog {unknown}
 q - a scroll of noise {unknown}
Potions
 e - 2 potions of flight {unknown}
 h - a potion of degeneration {unknown}
 j - a potion of lignification {unknown}
 k - a potion of curing {unknown}
 n - a potion of berserk rage {unknown}
 o - a potion of resistance {unknown}
Comestibles
 d - 2 rations


   Skills:
 * Level 2.9(2.0) Fighting
 * Level 2.9(2.0) Long Blades
 + Level 1.5(0.6) Armour
 + Level 2.4(1.4) Dodging
 + Level 2.2(1.3) Spellcasting
 + Level 0.7(0.0) Hexes
 + Level 3.2(2.3) Charms
 + Level 0.6(0.0) Translocations


You had 2 spell levels left.
You knew the following spells:

 Your Spells              Type           Power        Failure   Level  Hunger
a - Infusion              Chrm           #...         13%         1    ##.....
b - Shroud of Golubria    Chrm/Tloc      #.....       30%         2    ###....
c - Spectral Weapon       Hex/Chrm       #.......     52%         3    ####...

Your spell library contained the following spells:

 Spells                   Type           Power        Failure   Level  Hunger
 Song of Slaying          Chrm           #.......     21%         2    ###....
 Regeneration             Chrm/Necr      #.........   52%         3    ####...


Dungeon Overview and Level Annotations

Branches:
Dungeon (4/15)
 Temple: D:4-7

Altars:
Makhleb
Nemelex Xobeh


Message History

Casting: Spectral Weapon (quite dangerous; 52% risk of failure)
Confirm with . or Enter, or press ? or * to list all spells.
You draw out your weapon's spirit!
You are feeling hungry.
The wight closely misses you.
You hit the wight.
The wight is lightly damaged.
Your spectral weapon barely misses the wight.
The wight hits you with a +4 flail!
* * * LOW HITPOINT WARNING * * *
You hit the wight but do no damage.
The wight is lightly damaged.
Your spectral weapon barely misses the wight.
The wight hits you with a +4 flail!
* * * LOW HITPOINT WARNING * * *
You barely miss the wight.
The wight is lightly damaged.
Your spectral weapon barely misses the wight.
The wight hits you with a +4 flail!
You die...

...'....)....'........#
.)##)........####...###
..###.......## ##..#
..# ##.....## ##.# ..#
##...## #.# ### ##'##
#.# # #.# #.# ######
#.##########.#
.....###.##....z@...#
.....##.....).(..#..#
.....#......##......#
..[..##.....##.#.#.##
...............#.#.#
##.#######..####.#.#
### #...<...#.#
##........# ##########


You could see a wight and a friendly spectral +0 falchion.

Vanquished Creatures
  Jessica (D:2)
  2 adders
  2 worms
  2 dart slugs
  A leopard gecko (D:1)
  A giant cockroach (D:2)
  6 goblins
  8 hobgoblins
  6 jackals (D:1)
  7 kobolds
  A quokka (D:4)
  A bat (D:3)
  5 frilled lizards
  5 rats
48 creatures vanquished.

Vanquished Creatures (others)
  A spectral weapon (D:3)
1 creature vanquished.

Grand Total: 49 creatures vanquished

Notes
Turn   | Place    | Note
-------+----------+-------------------------------------------
     0 | D:1      | Martska the Human Skald began the quest for the Orb.
     0 | D:1      | Reached XP level 1. HP: 16/16 MP: 3/3
    61 | D:1      | Reached XP level 2. HP: 14/22 MP: 0/5
    65 | D:1      | Learned a level 2 spell: Shroud of Golubria
  1124 | D:1      | Reached XP level 3. HP: 6/28 MP: 4/6
  1368 | D:1      | Learned a level 3 spell: Spectral Weapon
  2363 | D:2      | Noticed Jessica
  2607 | D:2      | Killed Jessica
  2607 | D:2      | Reached XP level 4. HP: 20/34 MP: 0/7
  3071 | D:2      | Found a burning altar of Makhleb.
  3363 | D:3      | Noticed an ice beast
  3735 | D:3      | Reached XP level 5. HP: 28/40 MP: 2/8
  3759 | D:3      | Found a sparkling altar of Nemelex Xobeh.
  4322 | D:2      | HP: 1/40 [wight/+4 flail (8)]
  4323 | D:2      | Mangled by a wight

Levels and vault maps discovered:
D:1:      dpeg_arrival_court, layout_basic
D:2:      layout_loops_corners, lemuel_coloured_pillars_altar, uniq_jessica
D:3:      layout_rooms, minmay_misc_feat_columns, nemelex_spade_bored_becter
D:4:      layout_basic, marbit_many_paths, uniq_ijyb, uniq_edmund, uniq_sigmund

Action                   |  1- 3 |  4- 6 || total
-------------------------+-------+-------++-------
Melee: Falchion          |   102 |    64 ||   166
       Unarmed           |     6 |       ||     6
 Cast: Infusion          |     6 |     2 ||     8
       Spectral Weapon   |     3 |     3 ||     6
  Use: Scroll            |       |     5 ||     5
 Stab: Sleeping          |     1 |       ||     1
  Eat: Chunk             |     5 |       ||     5
       Ration            |     1 |     1 ||     2
Armor: Leather armour    |    20 |    10 ||    30
       Skin              |     2 |       ||     2
Dodge: Dodged            |    80 |    58 ||   138
       Rpst.: Falchion   |    19 |    18 ||    37
